 Dungeon Crawl Stone Soup version 0.28-a0-422-gd71735cc25 (webtiles) character file.

Game seed: 6325609058762844431

15856 robertstho the Thaumaturge (level 12, -6/84 HPs)
             Began as a Djinni Fire Elementalist on Sept 8, 2021.
             Was an Initiate of Gozag.
             Mangled by an eight-headed hydra (8 damage)
             ... on level 1 of the Lair of Beasts.
             The game lasted 00:29:37 (16518 turns).

robertstho the Thaumaturge (DjFE)                  Turns: 16518, Time: 00:29:39

Health: -6/84      AC:  9    Str:  7    XL:     12   Next: 62%
Gold:   893        EV: 13    Int: 22    God:    Gozag SH:  0 Dex: 14

rFire   + + +      SeeInvis .   S - +2 halberd (elec)
rCold   x x .      Faith    .   (shield currently unavailable)
rNeg    . . .      Spirit   .   A - +0 steam dragon scales
rPois   ∞          Reflect  .   y - +0 helmet
rElec   .          Harm     .   q - scarf {repulsion}
rCorr   .          Rampage  .   l - +2 pair of gloves
Will    +....                   (boots unavailable)
Stlth   ++........              (no amulet)
HPRegen 0.24/turn               G - ring of fire
MPRegen 0.00/turn               (no ring)

@: gold aura, flying, repel missiles
A: sickness immunity, fire resistance 2, cold vulnerability 1, float, innate
caster, hp casting, extra vitality 1
a: Renounce Religion, Potion Petition, Call Merchant, Bribe Branch


You were on level 1 of the Lair of Beasts.
You worshipped Gozag.
Gozag was pleased with you.
You visited 3 branches of the dungeon, and saw 11 of its levels.
You also visited: Bailey.

You collected 1151 gold pieces.
You spent 26 gold pieces at shops.
You paid 232 gold pieces to Gozag.

Inventory:

Hand Weapons
 h - a +0 war axe
 m - a +2 antimagic war axe
 x - a +0 short sword of speed
 E - a +2 trident of flaming
 S - a +2 halberd of electrocution (weapon)
Missiles
 Q - 4 throwing nets
Armour
 c - a +0 ring mail of cold resistance
 g - a +0 buckler
 l - a +2 pair of gloves (worn)
 n - a +2 robe of willpower
 q - a scarf of repulsion (worn)
 y - a +0 helmet (worn)
 A - +0 steam dragon scales (worn)
Jewellery
 z - an amulet of faith
 C - a ring of see invisible
 D - an amulet of the acrobat
 G - a ring of fire (left hand)
 L - a +6 ring of dexterity
 N - a ring of resist corrosion
Wands
 b - a wand of digging (5)
 u - a wand of mindburst (19)
 J - a wand of acid (8)
 M - a wand of charming (9)
 X - a wand of flame (17)
Scrolls
 d - 2 scrolls of enchant armour
 e - a scroll of summoning {unknown}
 j - a scroll of fear
 k - 2 scrolls of immolation
 p - 2 scrolls of magic mapping
 s - 2 scrolls of fog
 w - 4 scrolls of teleportation
 B - a scroll of vulnerability
 I - a scroll of enchant weapon
 P - a scroll of torment {unknown}
Potions
 a - 6 potions of haste
 f - a potion of might
 i - 2 potions of lignification
 o - 3 potions of brilliance
 r - 3 potions of heal wounds
 t - 2 potions of flight
 v - a potion of berserk rage {unknown}
 F - 3 potions of invisibility {unknown}
 H - a potion of attraction
 K - 3 potions of curing
 O - 5 potions of magic {unknown}
 R - 2 potions of resistance
 T - a potion of mutation {unknown}
 U - a potion of cancellation {unknown}
 V - a potion of experience
 W - a potion of ambrosia {unknown}


   Skills:
 * Level 6.4 Fighting
 + Level 2.2 Axes
 + Level 0.1 Armour
 + Level 4.1 Dodging
 + Level 3.5 Stealth
 + Level 2.2 Shields
 * Level 13.3 Spellcasting


You had 11 spell levels left.
You knew the following spells:

 Your Spells              Type           Power      Damage    Failure   Level
a - Foxfire               Conj/Fire      100%       2x1d9     1%          1
b - Scorch                Fire           100%       2d10      1%          2
c - Conjure Flame         Conj/Fire      84%        6-21      1%          3
d - Inner Flame           Hex/Fire       84%        N/A       1%          3
e - Flame Wave            Conj/Fire      84%        3d14      1%          4
f - Sting                 Tmut/Pois      100%       1d8       1%          1
g - Blink                 Tloc           N/A        N/A       1%          2
h - Spider Form           Tmut/Pois      32%        N/A       1%          3
i - Summon Guardian Gole  Hex/Summ       65%        N/A       1%          3
j - Cause Fear            Hex            32%        N/A       1%          4
Your spell library was empty.

Dungeon Overview and Level Annotations

Branches:
Dungeon (9/15)             Temple (1/1) D:5            Lair (1/6) D:8
 Bailey (visited)
    Orc: D:9-12

Altars:
Ashenzari
Cheibriados
Dithmenos
Elyvilon
Fedhas
Gozag
Hepliaklqana
Kikubaaqudgha
Makhleb
Nemelex Xobeh
Okawaru
Qazlal
Ru
Sif Muna
Trog
Uskayaw
Vehumet
Wu Jian
Xom
Yredelemnul
Zin
The Shining One

Shops:
D:4 *   D:8 *


Innate Abilities, Weirdness & Mutations

You are immune to sickness and miasma.
You are immune to poison.
Your flesh is very heat resistant. (rF++)
You are vulnerable to cold. (rC-)
You float through the air rather than walking.
You learn spells naturally, not from books.
Your magical power is your life essence.
You have superior vitality. (+4 HP)


Message History

Confirm with . or Enter, or press ? or * to list all spells.
Casting: Flame Wave (safe; 1% risk of failure)
Press: ? - help, Dir - look around, f - activate You feel a surge of power!
A wave of flame ripples out!
The flame wave engulfs the bullfrog!!
The bullfrog is burned terribly!
You kill the bullfrog! (Press . to intensify the flame waves.) Unknown command.
A wave of flame ripples out!
The flame wave engulfs the eight-headed hydra!!
The eight-headed hydra is heavily wounded.
The eight-headed hydra barely misses you.
The eight-headed hydra misses you. The eight-headed hydra bites you!
The eight-headed hydra misses you.
The eight-headed hydra closely misses you.
The eight-headed hydra bites you!
The eight-headed hydra barely misses you.
The eight-headed hydra bites you!
* * * LOW HITPOINT WARNING * * *
A wave of flame ripples out!
The flame wave engulfs the eight-headed hydra!!
The eight-headed hydra is almost dead.
The flame wave engulfs the bush!!
The bush is on fire!
The bush is lightly damaged.
The flame wave engulfs the bush!!!
The bush is on fire!
The bush is moderately damaged.
* * * LOW HITPOINT WARNING * * *
You finish channelling waves of flame.
You hear an angry hiss.
The bush is engulfed in blazing flames. x2; The eight-headed hydra bites you!
* * * LOW HITPOINT WARNING * * *
The eight-headed hydra misses you.
The eight-headed hydra completely misses you.
The eight-headed hydra bites you!
* * * LOW HITPOINT WARNING * * *
The eight-headed hydra bites you but does no damage.
The eight-headed hydra barely misses you.
The eight-headed hydra bites you!
You die...
Your body crumbles into a pile of gold.

.... ..#. ....
..P. .....
..... ..P..
..P.. $ ......
......
#P....###....P.
......D........
#.P....@.......
#.....$.$......
#..........P...
##...P...P.....
#.P.?.P....##.
#.#.###.#.#.#
#.## ....... #
#######


You could see an eight-headed hydra and a burning bush.

Vanquished Creatures
  A two-headed ogre (D:8)
  A wizard (D:9)
  2 gargoyles
  Maggie (D:9)
  A troll (D:9)
  2 hornets
  Prince Ribbit (D:8)
  13 yaks
  Sigmund (D:3)
  2 wyverns (D:8)
  A wraith (D:7)
  2 basilisks (Lair:1)
  3 steam dragons
  8 water moccasins
  An acid dragon (D:9)
  A hornet zombie (D:7)
  3 orc warriors
  A sky beast (D:8)
  3 ice beasts
  3 black bears
  3 necrophages
  3 ogres
  7 centaurs
  5 bullfrogs
  2 kobold brigands (D:7)
  A gnoll sergeant (D:7)
  4 scorpions
  2 wyvern skeletons (D:7)
  A water moccasin skeleton (D:7)
  6 killer bees
  A howler monkey (D:8)
  A bullfrog zombie (D:7)
  3 centaur zombies
  6 hounds
  2 jellies (D:6)
  4 orc priests
  2 bullfrog skeletons
  Ijyb (D:4)
  Terence (D:2)
  4 iguanas
  7 orc wizards
  Natasha (thrice) (D:2)
  2 hound skeletons (D:4)
  Robin (D:4)
  23 gnolls
  11 adders
  A shadow imp (D:6)
  2 white imps (D:5)
  An adder skeleton (D:4)
  7 dart slugs
  34 orcs
  11 ball pythons
  9 endoplasms
  4 giant cockroaches
  15 goblins
  25 hobgoblins
  5 jackals
  A quokka (D:5)
  3 bats
  6 frilled lizards
  14 kobolds
  5 rats
  2 butterflies (D:6)
302 creatures vanquished.

Vanquished Creatures (collateral kills)
  9 foxfires
9 creatures vanquished.

Vanquished Creatures (others)
  Harold (D:9)
  A two-headed ogre (D:8)
  An orc knight (Bailey)
  5 gargoyles (D:8)
  5 yaks (D:8)
  An acid dragon (D:9)
  An ogre (D:5)
  A gnoll sergeant (D:9)
  2 iguanas
  2 gnolls
  2 bushes (D:8)
  726 foxfires
  6 fungi
  25 plants
  5 toadstools (D:1)
784 creatures vanquished.

Grand Total: 1095 creatures vanquished

Notes
Turn   | Place    | Note
-------+----------+-------------------------------------------
     0 | D:1      | robertstho the Djinni Fire Elementalist began the quest for
                  | the Orb.
     0 | D:1      | Reached XP level 1. HP: 15/15 MP: 0/0
    72 | D:1      | Reached XP level 2. HP: 5/21 MP: 0/0
   565 | D:1      | Reached skill level 3 in Spellcasting
   818 | D:1      | Reached XP level 3. HP: 22/25 MP: 0/0
   818 | D:1      | Learned a level 1 spell: Sting
  1650 | D:2      | Noticed Natasha
  1659 | D:2      | Killed Natasha
  1660 | D:2      | Reached XP level 4. HP: 11/31 MP: 0/0
  2020 | D:2      | Noticed Terence
  2027 | D:2      | Killed Terence
  2033 | D:2      | Reached skill level 4 in Spellcasting
  2033 | D:2      | Reached XP level 5. HP: 3/36 MP: 0/0
  2033 | D:2      | Learned a level 2 spell: Blink
  2317 | D:2      | Noticed Natasha
  2320 | D:2      | Killed Natasha
  2396 | D:2      | Found a faded altar of an unknown god.
  2434 | D:2      | Noticed Natasha
  2441 | D:2      | Killed Natasha
  2960 | D:2      | Reached XP level 6. HP: 37/41 MP: 0/0
  3345 | D:3      | Noticed Sigmund
  3354 | D:3      | Killed Sigmund
  3355 | D:3      | Reached skill level 1 in Fighting
  3355 | D:3      | Reached skill level 5 in Spellcasting
  3355 | D:3      | Reached XP level 7. HP: 44/47 MP: 0/0
  3355 | D:3      | Learned a level 3 spell: Spider Form
  3690 | D:3      | Found a sparkling altar of Nemelex Xobeh.
  4297 | D:3      | Found a bloodstained altar of Trog.
  4574 | D:4      | Noticed Robin
  4729 | D:4      | Reached skill level 6 in Spellcasting
  4731 | D:4      | Killed Robin
  4962 | D:4      | Reached XP level 8. HP: 45/52 MP: 0/0
  5185 | D:4      | Found Goistogyc's Overcharged Wands.
  5299 | D:4      | Found a basalt altar of Yredelemnul.
  5448 | D:4      | Reached skill level 7 in Spellcasting
  5649 | D:4      | Noticed Ijyb
  5655 | D:4      | Killed Ijyb
  5833 | D:5      | Entered Level 5 of the Dungeon
  5850 | D:5      | Found a hazy altar of Hepliaklqana.
  6144 | D:5      | Found a staircase to the Ecumenical Temple.
  6243 | Temple   | Entered the Ecumenical Temple
  6367 | D:5      | Found an iron altar of Okawaru.
  6630 | D:5      | Reached XP level 9. HP: 54/59 MP: 0/0
  6630 | D:5      | Learned a level 3 spell: Summon Guardian Golem
  6792 | D:5      | Found a blossoming altar of Fedhas.
  6823 | D:5      | Reached skill level 8 in Spellcasting
  7515 | D:5      | Reached skill level 9 in Spellcasting
  8685 | D:6      | Reached XP level 10. HP: 57/67 MP: 0/0
  8840 | D:6      | Found a shimmering altar of Xom.
  8961 | D:6      | Found a sacrificial altar of Ru.
  9605 | D:7      | Reached skill level 10 in Spellcasting
  9963 | D:7      | Found a glowing golden altar of the Shining One.
 10304 | D:7      | Identified the +1 leather armour of the Vacuum {Rampage
                  | Drain Stlth+}
 10692 | D:7      | Reached skill level 1 in Axes
 11221 | D:7      | Noticed a gargoyle
 11619 | D:7      | Killed a gargoyle
 12010 | D:8      | Reached skill level 11 in Spellcasting
 12011 | D:8      | Reached XP level 11. HP: 29/74 MP: 0/0
 12011 | D:8      | Learned a level 4 spell: Cause Fear
 12238 | D:8      | Noticed a two-headed ogre
 12246 | D:8      | Killed a two-headed ogre
 12247 | D:8      | Reached skill level 1 in Shields
 12625 | D:8      | Reached skill level 5 in Fighting
 12945 | D:8      | Noticed a two-headed ogre
 12963 | D:8      | Killed a two-headed ogre
 12991 | D:8      | Reached skill level 12 in Spellcasting
 13857 | D:8      | Noticed Prince Ribbit
 13873 | D:8      | Killed Prince Ribbit
 14196 | D:8      | Found Mytirph's CLEARANCE SALE!.
 14234 | D:8      | Bought a potion of heal wounds for 10 gold pieces
 14234 | D:8      | Bought a scroll of identify for 4 gold pieces
 14234 | D:8      | Bought 2 potions of curing for 12 gold pieces
 14245 | D:8      | Found a staircase to the Lair.
 14531 | D:9      | Reached XP level 12. HP: 74/82 MP: 0/0
 14582 | D:9      | Noticed Harold
 14599 | D:9      | Killed Harold
 14792 | D:9      | Noticed Maggie
 14816 | D:9      | Found an opulent altar of Gozag.
 14832 | D:9      | Killed Maggie
 14843 | D:9      | Became a worshipper of Gozag Ym Sagoz the Greedy
 14886 | D:9      | Reached skill level 13 in Spellcasting
 14939 | D:9      | Found a flagged portal.
 14954 | Bailey   | Entered a bailey
 16507 | Lair:1   | Entered Level 1 of the Lair of Beasts
 16514 | Lair:1   | Noticed an eight-headed hydra
 16518 | Lair:1   | HP: 2/84 [eight-headed hydra (7)]
 16518 | Lair:1   | Mangled by an eight-headed hydra

Illustrated notes

Levels and vault maps discovered:
D:1:      ldierk_walled_garden, layout_rooms
D:2:      layout_basic, shapermc_ecumenical_altar_venn, serial_bayou_pond_b,
          grunt_ministairs_5, minmay_pentomino_p4, uniq_terence, uniq_natasha
D:3:      layout_loops_ring, trog_antimagical, nemelex_diamond_rough_becter,
          uniq_sigmund
D:4:      minmay_general_purpose_star, layout_cave_pools,
          mainiacjoe_overflow_chevrons, serial_park_tiny_1,
          minmay_misc_feat_encased, minmay_crystal_room,
          nicolae_shop_overcharged_wands, uniq_ijyb, uniq_robin
D:5:      minmay_chambers_of_threes, layout_cave_pods, okawaru_gym_becter,
          worldfamousw_hep_ancestral_shrine, fedhas_bush_and_centaur_altar,
          minmay_temple_entry_enclosed_plants
D:6:      layout_basic, nicolae_ru_the_path_less_chosen, xom_butterflies,
          glass_columns_c
D:7:      kennysheep_windowed_halls, layout_basic,
          mainiacjoe_overflow_boulevard, kennysheep_nub
D:8:      cheibrodos_statue_roulette, layout_loops_corners,
          minmay_lair_entry_grove, grunt_ministairs_14, nicolae_shop_clearance,
          uniq_prince_ribbit1
D:9:      layout_rooms, mainiacjoe_overflow_24_doors, enter_bailey_5,
          laboratory, uniq_harold, uniq_maggie
Temple:   nicolae_temple_x_marks_the_god
Lair:1:   layout_loops_ring, evilmike_ambush [evilmike_ambush_outer_basic,
          evilmike_ambush_inner_wall_1], lemuel_fruit_fields, uniq_gastronok

Skill      XL: |  1  2  3  4  5  6  7  8  9 10 11 12 |
---------------+-------------------------------------+-----
Spellcasting   | 3 4 5 6 7 9 11 12 13 | 13.3
Fighting       | 1 2 3 4 5 6 |  6.4
Stealth        | 2 3 |  3.5
Dodging        | 3 4 |  4.1
Axes           | 1 2 |  2.2
Shields        | 2 |  2.2
Armour         | |  0.1

Action                   |  1- 3 |  4- 6 |  7- 9 | 10-12 || total
-------------------------+-------+-------+-------+-------++-------
Melee: War axe           |       |       |     3 |    37 ||    40
 Cast: Foxfire           |    76 |    76 |   250 |    39 ||   441
       Scorch            |     1 |     8 |    65 |   160 ||   234
       Summon Guardian G |       |       |     6 |    38 ||    44
       Flame Wave        |       |       |       |    27 ||    27
       Sting             |       |       |       |     1 ||     1
  Use: Potion            |       |     1 |       |     4 ||     5
       Scroll            |       |       |     4 |    12 ||    16
Armor: Robe              |       |     4 |     7 |       ||    11
       Steam dragon scal |       |       |     1 |    44 ||    45
Dodge: Dodged            |     7 |    12 |    44 |   111 ||   174
       Repelled          |       |       |       |     6 ||     6
Block: Buckler           |       |     1 |    10 |    28 ||    39

Table legend: (Time is in decaauts)
 A = Elapsed time spent in this place.
 B = Non-inter-level travel time spent in this place.
 C = Inter-level travel time spent in this place.
 D = Time resting spent in this place.
 E = Time spent auto-exploring this place.
 F = Levels seen in this place.
 G = Mean time per level.
                   A        B        C        D        E       F      G
               +--------+--------+--------+--------+--------+-----+--------+
         Total |  16524 |  15831 |    693 |   2308 |  11085 |  12 | 1377.0 |
       Dungeon |  15402 |  14721 |    681 |   1877 |  10552 |   9 | 1711.3 |
        Temple |     61 |     50 |     11 |      0 |     46 |   1 |   61.0 |
          Lair |     10 |     10 |      0 |      0 |      0 |   1 |   10.0 |
        Bailey |   1050 |   1050 |      0 |    431 |    487 |   1 | 1050.0 |
               +--------+--------+--------+--------+--------+-----+--------+

Top non-repeatable levels by time:
     D:7: 2867 daAuts
     D:8: 2315 daAuts
     D:5: 2109 daAuts
     D:1: 2094 daAuts
     D:6: 1335 daAuts
     D:3: 1296 daAuts
     D:2: 1238 daAuts
     D:4: 1228 daAuts
  Bailey: 1050 daAuts
     D:9: 915 daAuts
  Temple: 61 daAuts
  Lair:1: 10 daAuts
